 Dungeon Crawl Stone Soup version 0.17-a0-2147-gfb20a63 (webtiles) character file.

108 wvc the Ruffian (level 4, 23/40 HPs)
             Began as a Draconian Monk on Oct 24, 2015.
             Quit the game on level 3 of the Dungeon.
             The game lasted 00:04:15 (2221 turns).

wvc the Ruffian (Draconian Monk)                    Turns: 2221, Time: 00:04:15

Health: 23/40      AC:  5    Str: 14      XL:     4   Next: 58%
Magic:  4/4        EV: 12    Int:  9      God:
Gold:   102        SH:  0    Dex:  9 (11) Spells: 0 memorised, 3 levels left

rFire  . . .     SeeInvis .     h - +0 spear
rCold  . . .     Clarity  .     (armour unavailable)
rNeg   . . .     SustAt   .     (no shield)
rPois  .         Gourm    .     (helmet restricted)
rElec  .         Spirit   .     (no cloak)
rCorr  .         Warding  .     (no gloves)
rMut   .         Stasis   .     (no boots)
MR     .....                    (no amulet)
Stlth  +.........               (no ring)
                                (no ring)

@: not resistant to hostile enchantments, very unstealthy
A: unfitting armour, blurry vision 1, clumsy 1, dopey 1, cold-blooded, AC +5
a: no special abilities


You were on level 3 of the Dungeon.
You were not hungry.

You visited 1 branch of the dungeon, and saw 3 of its levels.

You collected 102 gold pieces.

Inventory:

Hand Weapons
 h - a +0 spear (weapon)
Missiles
 i - 48 stones (quivered)
Jewellery
 f - an uncursed amulet of stasis
Scrolls
 d - a scroll of teleportation
 g - 3 scrolls of blinking {unknown}
Potions
 c - a potion of heal wounds
 j - 2 potions of curing {unknown}
 m - a potion of beneficial mutation {unknown}
Books
 l - a Young Poisoner's Handbook

   Spells                             Type                      Level
   a - Sting                          Conjuration/Poison           1
   b - Cure Poison                    Poison                       2
   c - Mephitic Cloud                 Conjuration/Poison/Air       3
   d - Olgreb's Toxic Radiance        Poison                       4
   e - Venom Bolt                     Conjuration/Poison           5
Comestibles
 a - a bread ration
 k - a meat ration


   Skills:
 - Level 3.7 Fighting
 + Level 3.7 Polearms
 - Level 2.9 Dodging
 - Level 1.7 Stealth
 - Level 4.0 Unarmed Combat


You had 3 spell levels left.
You didn't know any spells.

Dungeon Overview and Level Annotations

Branches:
Dungeon (3/15)

Altars:
Qazlal
Trog
Xom

Annotations:
D:2 Sigmund
D:3 Grinder


Innate Abilities, Weirdness & Mutations

Your plain brown scales are hard (AC +5).
Your body does not fit into most forms of armour.
You are cold-blooded and may be slowed by cold attacks.
Scrolls take you a little longer to read.
You are clumsy. (Dex -2)
You are dopey. (Int -2)


Message History

Press: ? - help, Dir - move target cursor, f/p - Grinder
Aim: Grinder (lightly wounded)
You closely miss Grinder.
Grinder is lightly wounded.
Grinder gestures.
Grinder blinks!
You see here a rat corpse.
Drink which item? (? for menu, Esc to quit)
It was a potion of degeneration.
There was something very wrong with that liquid.
You feel clumsy.
Drink which item? (? for menu, Esc to quit)
It was a potion of mutation.
You feel extremely strange.
Your vision blurs.
You feel clumsy.
You feel stupid. Grinder gestures at you.
You suddenly lose the ability to move!
Grinder gestures at you. Pain shoots through your body!
You can move again.
Are you sure you want to abandon this character and quit the game? (Confirm with "yes".)

*,,,,,,,*
#.#######
*,,,,,,,*
#.#.....#
*,,,,,,,*
#.#.###.#
*,,,,,,,* #.#.#
#.# *,,,,,,,*
#...# #.#
*,,,,,,,* #####
#.# *,,,,,,,*
#.# *,,,,,,,*
########.#
*,,,,,,,*
#.†r5@...#
*,,,,,,,*
#.########
*****#'#####†##
* *,......5..#
* *,.........#
** *,.........#
,***,.........#
,,,+,.........#
,,**,.........#


You could see Grinder and a quokka.

Vanquished Creatures
  Ijyb (D:3)
  A shadow imp (D:3)
  3 adders
  4 giant geckos
  2 orcs (D:3)
  3 giant cockroaches
  5 goblins
  5 hobgoblins
  4 jackals (D:2)
  4 kobolds
  A quokka (D:3)
  2 bats
  4 rats
39 creatures vanquished.

Notes
Turn   | Place    | Note
--------------------------------------------------------------
     0 | D:1      | wvc the Draconian Monk began the quest for the Orb.
     0 | D:1      | Reached XP level 1. HP: 19/19 MP: 1/1
   251 | D:1      | Reached XP level 2. HP: 17/27 MP: 2/2
   766 | D:2      | Found a faded altar to an unknown god.
   847 | D:2      | Reached skill level 1 in Polearms
   954 | D:2      | Found a stormy altar of Qazlal.
   956 | D:2      | Noticed an earth elemental
   956 | D:2      | Noticed an air elemental
   957 | D:2      | Noticed a water elemental
   957 | D:2      | Noticed a fire elemental
  1117 | D:2      | Reached XP level 3. HP: 30/33 MP: 3/3
  1303 | D:2      | Noticed Sigmund
  1848 | D:3      | Noticed Ijyb
  1869 | D:3      | Reached XP level 4. HP: 40/40 MP: 4/4
  1888 | D:3      | Killed Ijyb
  2098 | D:3      | Found a bloodstained altar of Trog.
  2195 | D:3      | Noticed Grinder
  2197 | D:3      | Found a shimmering altar of Xom.
  2218 | D:3      | Gained mutation: Scrolls take you a little longer to read. [potion of mutation]
  2218 | D:3      | Gained mutation: You are clumsy. (Dex -2) [potion of mutation]
  2218 | D:3      | Gained mutation: You are dopey. (Int -2) [potion of mutation]
  2218 | D:3      | Paralysed by Grinder for 3 turns
  2221 | D:3      | Quit the game

Vault maps used:
D:1:      sevenhm_arrival_forest_fort_small_6
D:2:      nicolae_qazlal_style_of_elements, ecumenical_altar_2, uniq_sigmund
D:3:      nicolae_overflow_hidden_temple, lemuel_crystal_altar,
          xom_teletrap_fun, uniq_grinder, uniq_iyjb

Action                   |  1- 3 |  4- 6 || total
-------------------------+-------+-------++-------
Melee: Unarmed           |   115 |       ||   115
       Spear             |     8 |    57 ||    65
Throw: Stone             |     6 |       ||     6
  Use: Scroll            |     4 |       ||     4
       Potion            |       |     3 ||     3
 Stab: Sleeping          |     4 |     2 ||     6
  Eat: Bread ration      |     1 |       ||     1
       Chunk             |     1 |       ||     1
